 Dungeon Crawl Stone Soup version 0.29-a0-512-gf59ac788ac (webtiles) character file.

Game seed: 5095101134684682444

1260 porpoise the Archer (level 8, -8/52 HPs)
             Began as a Tengu Hunter on May 30, 2022.
             Was an Initiate of Hepliaklqana.
             Mangled by a gnoll sergeant
             ... wielding a +0 spear
              (11 damage)
             ... on level 5 of the Dungeon.
             The game lasted 00:12:04 (4249 turns).

porpoise the Archer (Tengu Hunter)                  Turns: 4249, Time: 00:12:05

Health: -8/52      AC: 10    Str: 12    XL:     8   Next: 52%
Magic:  9/9        EV: 14    Int:  9    God:    Hepliaklqana [......]
Gold:   299        SH:  0    Dex: 20    Spells: 7/7 levels left

rFire   . . .      SeeInvis .   a - +2 shortbow
rCold   . . .      Faith    .   (shield currently unavailable)
rNeg    . . .      Spirit   .   v - +2 leather armour {rPois}
rPois   +          Reflect  .   (helmet restricted)
rElec   .          Harm     .   (no cloak)
rCorr   .          Rampage  .   z - +0 pair of gloves
Will    .....                   (boots unavailable)
Stlth   +++.......              (no amulet)
HPRegen 0.17/turn               n - +4 ring of protection
MPRegen 0.11/turn               (no ring)

@: flying quickly and evasively, quick
A: beak, talons 3, nimble flight
a: Renounce Religion


You were on level 5 of the Dungeon.
You worshipped Hepliaklqana.
Hepliaklqana was noncommittal.
You visited 2 branches of the dungeon, and saw 6 of its levels.

You collected 299 gold pieces.

Inventory:

Hand Weapons
 a - a +2 shortbow (weapon)
 b - a +3 dagger
Missiles
 f - 6 atropa-tipped darts
 r - 6 boomerangs
 u - 9 poisoned darts
Armour
 v - a +2 leather armour of poison resistance (worn)
 z - a +0 pair of gloves (worn)
Jewellery
 j - a ring of ice
 n - a +4 ring of protection (left hand)
 w - a ring of fire
Scrolls
 c - 2 scrolls of immolation
 e - 4 scrolls of enchant weapon
 p - a scroll of fog {unknown}
 q - a scroll of teleportation
 x - a scroll of enchant armour
 y - a scroll of blinking
 A - a scroll of summoning {unknown}
Potions
 d - 2 potions of cancellation
 g - 2 potions of mutation
 h - a potion of magic {unknown}
 i - 5 potions of attraction
 k - 2 potions of berserk rage {unknown}
 l - 4 potions of heal wounds {unknown}
 m - a potion of degeneration {unknown}
 o - 3 potions of lignification
 s - a potion of invisibility {unknown}
 t - a potion of flight {unknown}


   Skills:
 + Level 6.5 Fighting
 + Level 8.2 Bows
 - Level 2.1 Dodging
 + Level 5.0 Stealth


You had 7 spell levels left.
You didn't know any spells.
Your spell library contained the following spells:

 Spells                   Type           Power      Damage    Failure   Level
 Freeze                   Ice            0%         1d3       45%         1
 Poisonous Vapours        Pois/Air       0%         N/A       61%         2
 Frozen Ramparts          Ice            0%         1d2       83%         3
 Corpse Rot               Necr/Pois/Air  0%         N/A       99%         4
 Hailstorm                Conj/Ice       0%         3d3       99%         4


Dungeon Overview and Level Annotations

Branches:
Dungeon (5/15)             Temple (1/1) D:5

Altars:
Ashenzari
Cheibriados
Dithmenos
Elyvilon
Fedhas
Gozag
Hepliaklqana
Nemelex Xobeh
Qazlal
Sif Muna
Trog
Uskayaw
Vehumet
Yredelemnul
Zin
The Shining One


Innate Abilities, Weirdness & Mutations

You have a beak for a mouth.
You have claws for feet.
Your magical nature lets you fly swiftly and evasively.


Message History

The ogre is heavily wounded.
The ogre hits you with a +0 giant spiked club!
The gnoll sergeant hits you from afar with a +0 spear.
* * * LOW HITPOINT WARNING * * *
You are too injured to fight recklessly!
You are too injured to fight recklessly!
You are too injured to fight recklessly!
Shoot: a) +2 shortbow
Press: ? - help, Q - select action, (/) - cycle Shift-Dir - straight line, f/p - ogre
Aim: an ogre, wielding a +0 giant spiked club (heavily wounded, 81% to hit)
You shoot an arrow. The arrow hits the ogre!
You kill the ogre!
The gnoll sergeant hits you but does no damage.
Your Stealth skill increases to level 5!
Shoot: a) +2 shortbow
Press: ? - help, Q - select action, (/) - cycle Shift-Dir - straight line, f - iguana
Aim: an iguana (73% to hit)
You shoot an arrow. The arrow closely misses the iguana.
The arrow hits the gnoll sergeant but does no damage.
The iguana misses you.
The gnoll sergeant hits you from afar with a +0 spear.
* * * LOW HITPOINT WARNING * * *
Shoot: a) +2 shortbow
Press: ? - help, Q - select action, (/) - cycle Shift-Dir - straight line, f/p - iguana
Aim: an iguana (73% to hit)
You shoot an arrow.
The arrow hits the iguana but does no damage.
The gnoll sergeant closely misses you. The iguana bites you.
* * * LOW HITPOINT WARNING * * *
You aren't carrying any items that you can evoke.
Unknown command.
Unknown command.
Shoot: a) +2 shortbow
Press: ? - help, Q - select action, (/) - cycle Shift-Dir - straight line, f/p - iguana
Aim: an iguana (73% to hit)
You shoot an arrow. The arrow hits the iguana!
The iguana is heavily wounded.
The iguana barely misses you.
The gnoll sergeant hits you from afar with a +0 spear!
You die...

......###'####.########..##
..........#.# .. #....# ###
.........##)# ..# +).).#####..
..(......##.# #.# ##..##..##..
.........##.# #### #####'...÷#..
.........##.###..#+##.[.##....#..
.........##.##...)##.....##..##..
.........##.##...†'.......##÷##..
.........##.###.@##...8...##..###
.........##...##l##.......'....#
..............##g.##.....##)...#
###...........#....##)..##+#..##
# #...........#....+##### #### #
#...........##..## #
#.........).##### #
#...........#### #
#..............#


You could see a gnoll sergeant and an iguana.

Vanquished Creatures
  Menkaure (D:5)
  A black bear (D:5)
  2 ogres (D:5)
  A centaur (D:5)
  A necrophage (D:4)
  3 scorpions (D:5)
  A howler monkey (D:5)
  A hound (D:5)
  3 orc priests
  3 iguanas
  Jessica (D:2)
  5 orc wizards
  A gnoll (D:1)
  9 adders
  2 worms (D:2)
  4 dart slugs
  4 orcs
  6 bats
  6 endoplasms
  2 giant cockroaches
  8 goblins
  6 hobgoblins
  5 jackals
  11 kobolds
  3 quokkas
  13 ball pythons
  4 frilled lizards
  10 rats
117 creatures vanquished.

Notes
Turn   | Place    | Note
-------+----------+-------------------------------------------
     0 | D:1      | porpoise the Tengu Hunter began the quest for the Orb.
     0 | D:1      | Reached XP level 1. HP: 12/12 MP: 2/2
    82 | D:1      | Reached XP level 2. HP: 18/18 MP: 3/3
   281 | D:1      | Found a faded altar of an unknown god.
   320 | D:1      | Reached XP level 3. HP: 17/22 MP: 4/4
   322 | D:1      | Reached skill level 5 in Bows
   836 | D:2      | Reached XP level 4. HP: 28/28 MP: 5/5
  1049 | D:2      | Noticed Jessica
  1053 | D:2      | Killed Jessica
  1054 | D:2      | Gained mutation: Your magical nature lets you fly swiftly
                  | and evasively. [Tengu growth]
  1054 | D:2      | Reached XP level 5. HP: 22/33 MP: 6/6
  1728 | D:3      | Reached skill level 6 in Bows
  1766 | D:3      | Reached XP level 6. HP: 28/39 MP: 7/7
  2794 | D:4      | Reached skill level 5 in Fighting
  2863 | D:4      | Reached XP level 7. HP: 44/44 MP: 8/8
  3128 | D:5      | Entered Level 5 of the Dungeon
  3207 | D:5      | Reached skill level 7 in Bows
  3236 | D:5      | Found a staircase to the Ecumenical Temple.
  3240 | Temple   | Entered the Ecumenical Temple
  3322 | Temple   | Became a worshipper of Hepliaklqana the Forgotten
  3757 | D:5      | Found a bloodstained altar of Trog.
  3765 | D:5      | Noticed Menkaure
  3769 | D:5      | Killed Menkaure
  3901 | D:5      | Reached XP level 8. HP: 51/51 MP: 9/9
  4213 | D:5      | Reached skill level 8 in Bows
  4247 | D:5      | Reached skill level 5 in Stealth
  4249 | D:5      | Mangled by a gnoll sergeant

Illustrated notes

Levels and vault maps discovered:
D:1:      tarquinn_simple_flora_water_b, layout_basic,
          shapermc_ecumenical_altar_venn, hangedman_decor_growths,
          minmay_close_crescents
D:2:      layout_rooms, uniq_jessica
D:3:      kennysheep_big_flooded_room, layout_basic, bh_walls_and_bars
D:4:      layout_cave_pools
D:5:      minmay_bubble_buster, layout_basic,
          mainiacjoe_overflow_small_starburst, minmay_temple_entry_glassed_door,
          uniq_menkaure
Temple:   compressed_dpeg_triangle_lava_temple

Skill      XL: |  1  2  3  4  5  6  7  8 |
---------------+-------------------------+-----
Bows           | 5 6 7 8 |  8.2
Fighting       | 3 4 5 6 |  6.5
Stealth        | 2 3 5 |  5.0
Dodging        | |  2.1

Action                   |  1- 3 |  4- 6 |  7- 9 || total
-------------------------+-------+-------+-------++-------
Melee: Dagger            |       |    17 |       ||    17
       Kick              |       |     9 |       ||     9
       Peck              |       |     3 |       ||     3
 Fire: Shortbow          |    69 |   155 |    88 ||   312
  Use: Scroll            |       |     7 |     2 ||     9
       Potion            |       |     2 |       ||     2
Armor: Leather armour    |     5 |    10 |    26 ||    41
       Ring mail         |       |    23 |       ||    23
Dodge: Dodged            |    17 |    36 |    47 ||   100

Table legend: (Time is in decaauts)
 A = Elapsed time spent in this place.
 B = Non-inter-level travel time spent in this place.
 C = Inter-level travel time spent in this place.
 D = Time resting spent in this place.
 E = Time spent auto-exploring this place.
 F = Levels seen in this place.
 G = Mean time per level.
                   A        B        C        D        E       F      G
               +--------+--------+--------+--------+--------+-----+--------+
         Total |   4139 |   4020 |    119 |   1246 |   2028 |   6 |  689.8 |
       Dungeon |   4051 |   3932 |    119 |   1246 |   1966 |   5 |  810.2 |
        Temple |     88 |     88 |      0 |      0 |     62 |   1 |   88.0 |
               +--------+--------+--------+--------+--------+-----+--------+

Top non-repeatable levels by time:
     D:5: 1000 daAuts
     D:3: 996 daAuts
     D:1: 851 daAuts
     D:2: 665 daAuts
     D:4: 537 daAuts
  Temple: 88 daAuts
